 Dungeon Crawl Stone Soup version 0.26-a0-689-gc93c913f66 (webtiles) character file.

Game seed: 1915101360877296922

56774 CheiIsBae the Severer (level 14, 0/132 HPs)
             Began as a Hill Orc Fighter on Oct 23, 2020.
             Was a High Priest of Qazlal.
             Succumbed to a hornet's poison
             ... while paralysed by a hornet
             ... on level 6 of the Lair of Beasts.
             The game lasted 00:25:08 (20827 turns).

CheiIsBae the Severer (Hill Orc Fighter)           Turns: 20827, Time: 00:25:08

Health: 0/132      AC: 14    Str: 23    XL:     14   Next: 83%
Magic:  9/18       EV:  2    Int:  9    God:    Qazlal [*****.]
Gold:   1192       SH:  0    Dex: 10    Spells: 13/13 levels left

rFire    . . .     SeeInvis .   b - +1 war axe
rCold    . . .     Faith    .   c - +0 kite shield
rNeg     . . .     Spirit   .   n - +2 ring mail {MR+}
rPois    .         Reflect  .   (no helmet)
rElec    .         Harm     .   y - +0 cloak
rCorr    .         Rampage  .   k - +0 pair of gloves
MR       ++...                  q - +0 pair of boots
Stlth    ..........             (no amulet)
HPRegen  0.32/turn              w - +4 ring of slaying
MPRegen  0.16/turn              z - +4 ring of slaying

@: paralysed, lethally poisoned (0 -> -2), slowed, repel missiles
A: no striking features
a: Upheaval, Elemental Force, Disaster Area, Renounce Religion


You were on level 6 of the Lair of Beasts.
You worshipped Qazlal.
Qazlal was extremely pleased with you.
You visited 3 branches of the dungeon, and saw 21 of its levels.

You collected 1192 gold pieces.

Inventory:

Hand Weapons
 a - a +2 scimitar of flaming
 b - a +1 war axe (weapon)
Armour
 c - a +0 kite shield (worn)
 k - a +0 pair of gloves (worn)
 n - a +2 ring mail of magic resistance (worn)
 q - a +0 pair of boots (worn)
 y - a +0 cloak (worn)
Jewellery
 w - a +4 ring of slaying (left hand)
 z - a +4 ring of slaying (right hand)
Wands
 m - a wand of flame (19)
 o - a wand of paralysis (5)
 v - a wand of disintegration (8)
 x - a wand of iceblast (2)
Scrolls
 f - 4 scrolls of magic mapping
 g - 3 scrolls of teleportation
 j - 7 scrolls of remove curse
 l - 5 scrolls of amnesia
 r - a scroll of summoning
 s - 4 scrolls of identify
 t - 2 scrolls of enchant weapon
 A - 4 scrolls of fog
Potions
 d - 2 potions of might
 e - 3 potions of lignification
 h - 5 potions of curing
 i - 5 potions of flight
 p - 7 potions of ambrosia
 u - 2 potions of heal wounds
 B - a potion of mutation
 C - a potion of brilliance
 E - 2 potions of stabbing


   Skills:
 + Level 14.2 Fighting
 + Level 16.5 Axes
 + Level 13.2 Armour
 * Level 14.6 Shields
 - Level 5.7 Invocations


You had 13 spell levels left.
You didn't know any spells.
Your spell library contained the following spells:

 Spells                   Type           Power        Failure   Level
 Foxfire                  Conj/Fire      #...         52%         1
 Magic Dart               Conj           #...         52%         1
 Shock                    Conj/Air       #...         52%         1
 Summon Small Mammal      Summ           #...         52%         1
 Call Imp                 Summ           #.......     65%         2
 Searing Ray              Conj           #.....       65%         2
 Swiftness                Air            #.......     65%         2
 Call Canine Familiar     Summ           #.......     87%         3
 Conjure Flame            Conj/Fire      #.......     87%         3
 Dazzling Flash           Conj/Hex       #.....       87%         3
 Inner Flame              Hex/Fire       #.......     87%         3
 Static Discharge         Conj/Air       #.......     87%         3
 Summon Guardian Golem    Hex/Summ       #.......     87%         3
 Airstrike                Air            #.........   99%         4
 Fulminant Prism          Conj/Hex       #.........   99%         4
 Iskenderun's Mystic Bla  Conj/Tloc      #.......     99%         4
 Sticky Flame             Conj/Fire      #.......     99%         4
 Summon Ice Beast         Ice/Summ       #.......     99%         4
 Summon Lightning Spire   Summ/Air       #.......     99%         4
 Fireball                 Conj/Fire      #.........   100%        5
 Lightning Bolt           Conj/Air       #.........   100%        5


Dungeon Overview and Level Annotations

Branches:
Dungeon (14/15)            Temple (0/1) D:4            Lair (5/6) D:8
 Shoals (0/4) Lair:3       Spider (1/4) Lair:3        Slime (0/5) Lair:6
    Orc (0/2) D:10         Vaults (0/5) D:13

Altars:
Cheibriados
Fedhas
Kikubaaqudgha
Okawaru
Qazlal
Trog
Zin
Jiyva

Annotations:
D:2 Sigmund
Lair:1 exclusion: oklob plant
Lair:6 1 runed translucent door


Message History

* * * LOW HITPOINT WARNING * * *
You are poisoned.
You feel as though you will be slow longer.
The tyrant leech is engulfed in blazing flames.
The tyrant leech closely misses you.
Unknown command.
You feel sick.
The torpor snail is no longer encased in ice.
You block the hornet's attack.
The tyrant leech is engulfed in blazing flames.
Clouds arounds you coalesce and take form!
You feel sick. The hornet stings you.
* * * LOW HITPOINT WARNING * * *
You suddenly lose the ability to move!
The hornet stings you but does no damage.
The tyrant leech bites you!!
* * * LOW HITPOINT WARNING * * *
The tyrant leech draws strength from your injuries!
The hornet stings you but does no damage.
You die...

#.. ###..##
$$$# # ...#
##..# $.$ ....#
#...####$$
.....#
###...#+#
#.....### ##
##...##
#.....##.#
###..8#
#...†w##
##...###
###.wy.###....#
###w@§E...###
###.○.### #####


You could see 2 tyrant leeches, a torpor snail, a hornet and a friendly water
elemental (summoned, slow).

Vanquished Creatures
  Snorg (D:10)
  Erica (D:10)
  Harold (D:10)
  8 hydras
  2 boulder beetles
  A centaur warrior (D:13)
  A two-headed ogre (D:13)
  9 death yaks
  A tengu warrior (D:13)
  Nergalle (Lair:4)
  A lindwurm (Lair:6)
  An orc knight (D:13)
  An ugly thing (D:11)
  Maurice (D:8)
  2 manticores
  5 black mambas
  19 elephants
  3 torpor snails (Lair:6)
  Psyche (D:11)
  10 cane toads
  2 kobold demonologists
  12 komodo dragons
  A queen bee (D:11)
  3 polar bears (Lair:6)
  3 trolls (D:11)
  A wind drake (Lair:3)
  Prince Ribbit (D:9)
  2 tyrant leeches (Lair:6)
  8 hornets
  2 redbacks (Lair:3)
  A shadow (D:11)
  16 yaks
  2 wraiths
  9 basilisks
  A wyvern (D:9)
  14 humans (D:13)
  Edmund (D:6)
  20 water moccasins
  Duvessa (D:6)
  8 orc warriors
  6 sky beasts
  3 ice beasts
  An eye of draining (D:9)
  A black bear (D:9)
  7 ogres
  4 phantoms
  4 centaurs
  19 bullfrogs
  2 big kobolds (D:11)
  Dowan (D:6)
  5 scorpions
  A wyvern skeleton (D:11)
  54 killer bees
  An electric eel (Lair:6)
  3 bullfrog zombies
  4 jellies
  6 hounds
  8 orc priests
  A bullfrog skeleton (D:7)
  2 centaur zombies
  3 hell rats (D:8)
  3 centaur skeletons
  6 iguanas
  10 orc wizards
  8 worker ants
  A hound zombie (D:11)
  A hound skeleton (D:11)
  4 gnolls (D:11)
  A river rat (D:8)
  10 adders
  A shadow imp (D:7)
  A white imp (D:5)
  2 ufetubi
  An adder zombie (D:8)
  An adder skeleton (D:7)
  3 worms
  A dart slug (D:2)
  3 leopard geckos
  46 orcs
  9 giant cockroaches
  8 goblins
  9 hobgoblins
  7 jackals
  6 quokkas
  A ball python (D:6)
  8 bats
  4 frilled lizards
  A jackal zombie (D:7)
  15 kobolds
  A leopard gecko skeleton (D:9)
  6 rats
492 creatures vanquished.

Vanquished Creatures (collateral kills)
  2 humans (D:13)
  A hound (D:13)
3 creatures vanquished.

Vanquished Creatures (others)
  17 fungi
  66 plants
83 creatures vanquished.

Grand Total: 578 creatures vanquished

Notes
Turn   | Place    | Note
-------+----------+-------------------------------------------
     0 | D:1      | CheiIsBae the Hill Orc Fighter began the quest for the Orb.
     0 | D:1      | Reached XP level 1. HP: 19/19 MP: 1/1
   187 | D:1      | Reached skill level 3 in Axes
   201 | D:1      | Reached XP level 2. HP: 21/26 MP: 2/2
   322 | D:1      | Reached skill level 4 in Axes
   693 | D:1      | Reached XP level 3. HP: 31/31 MP: 3/3
   849 | D:2      | Found a blossoming altar of Fedhas.
   872 | D:2      | Reached skill level 5 in Axes
  1193 | D:2      | Reached XP level 4. HP: 39/39 MP: 4/4
  1420 | D:2      | Found a stormy altar of Qazlal.
  1436 | D:2      | Reached skill level 6 in Axes
  1481 | D:2      | Became a worshipper of Qazlal Stormbringer
  1534 | D:2      | Noticed Sigmund
  2423 | D:3      | Found an ancient bone altar of Kikubaaqudgha.
  2695 | D:4      | Reached XP level 5. HP: 43/45 MP: 5/5
  2806 | D:4      | Reached skill level 7 in Axes
  2807 | D:4      | Found a staircase to the Ecumenical Temple.
  3094 | D:4      | Reached skill level 8 in Axes
  3094 | D:4      | Reached XP level 6. HP: 39/51 MP: 6/6
  3381 | D:5      | Entered Level 5 of the Dungeon
  3664 | D:5      | Reached skill level 9 in Axes
  4174 | D:5      | Reached XP level 7. HP: 38/59 MP: 7/7
  4626 | D:6      | Noticed Duvessa
  4631 | D:6      | Killed Duvessa
  4636 | D:6      | Reached skill level 10 in Axes
  4637 | D:6      | Noticed Dowan
  4640 | D:6      | Killed Dowan
  4643 | D:6      | Reached * piety under Qazlal
  4792 | D:6      | Found a glowing silver altar of Zin.
  4875 | D:6      | Reached XP level 8. HP: 67/67 MP: 8/8
  4899 | D:6      | Reached skill level 5 in Fighting
  4958 | D:6      | Noticed Edmund
  4969 | D:6      | Killed Edmund
  4969 | D:6      | Reached skill level 5 in Armour
  4972 | D:6      | Reached skill level 11 in Axes
  5669 | D:6      | Found a bloodstained altar of Trog.
  5776 | D:7      | Reached XP level 9. HP: 54/78 MP: 9/9
  5781 | D:7      | Reached skill level 12 in Axes
  6054 | D:7      | Reached ** piety under Qazlal
  6595 | D:7      | Reached skill level 13 in Axes
  7007 | D:8      | Noticed a death yak
  7009 | D:8      | Noticed a death yak
  7160 | D:7      | Killed a death yak
  7160 | D:7      | Reached XP level 10. HP: 45/88 MP: 9/11
  7540 | D:8      | Noticed a death yak
  7548 | D:8      | Reached *** piety under Qazlal
  7567 | D:8      | Killed a death yak
  7567 | D:8      | Reached skill level 14 in Axes
  7592 | D:8      | Killed a death yak
  8030 | D:8      | Found a staircase to the Lair.
  8100 | D:8      | Noticed Maurice
  8551 | D:8      | Killed Maurice
  8789 | D:9      | Found a snail-covered altar of Cheibriados.
  8869 | D:9      | Reached skill level 5 in Invocations
  9200 | D:9      | Reached skill level 15 in Axes
  9216 | D:9      | Reached XP level 11. HP: 75/97 MP: 15/15
  9484 | D:9      | Found an iron altar of Okawaru.
  9658 | D:9      | Noticed Prince Ribbit
  9665 | D:9      | Killed Prince Ribbit
  9920 | D:10     | Entered Level 10 of the Dungeon
  9983 | D:10     | Reached **** piety under Qazlal
 10078 | D:10     | Noticed Erica
 10088 | D:10     | Killed Erica
 10088 | D:10     | Reached skill level 10 in Fighting
 10088 | D:10     | Reached skill level 5 in Shields
 10421 | D:10     | Found a staircase to the Orcish Mines.
 10573 | D:10     | Noticed Snorg
 10585 | D:10     | Killed Snorg
 10820 | D:10     | Noticed Harold
 10845 | D:10     | Killed Harold
 11538 | D:11     | Noticed a purple ugly thing
 11545 | D:11     | Killed a purple ugly thing
 11621 | D:11     | Reached skill level 10 in Armour
 11848 | D:11     | You fall into a shaft and drop 3 floors!
 11881 | D:13     | Noticed a boulder beetle
 11888 | D:13     | Noticed a manticore
 11897 | D:13     | Noticed a two-headed ogre
 11898 | D:13     | Noticed an orc knight
 11898 | D:13     | Noticed a centaur warrior
 11901 | D:13     | Noticed a tengu warrior
 11975 | D:13     | Reached XP level 12. HP: 65/108 MP: 16/16
 12010 | D:13     | Killed a centaur warrior
 12115 | D:13     | Killed a tengu warrior
 12300 | D:13     | Killed a two-headed ogre
 12526 | D:13     | Found a gate to the Vaults.
 12720 | D:13     | Killed a boulder beetle
 13142 | D:13     | Reached skill level 10 in Shields
 13395 | D:11     | Noticed Psyche
 13398 | D:11     | Paralysed by Psyche for 5 turns
 13404 | D:11     | Killed Psyche
 13422 | D:11     | Identified the cursed +0 robe "Yrphyus" {Int-3 Slay+6}
 13429 | D:11     | Noticed an eight-headed hydra
 13437 | D:11     | Killed a five-headed hydra
 14494 | D:11     | Reached ***** piety under Qazlal
 14507 | D:11     | Reached XP level 13. HP: 71/118 MP: 17/17
 15039 | Lair:1   | Entered Level 1 of the Lair of Beasts
 17547 | Lair:3   | Found a hole to the Spider Nest.
 17804 | Lair:3   | Found a staircase to the Shoals.
 18077 | Spider:1 | Entered Level 1 of the Spider Nest
 18467 | Lair:3   | Reached XP level 14. HP: 107/129 MP: 18/18
 18503 | Lair:4   | Noticed Nergalle
 18515 | Lair:4   | Killed Nergalle
 19279 | Lair:4   | You fall into a shaft and drop 1 floor!
 19330 | Lair:5   | Reached skill level 16 in Axes
 19896 | Lair:4   | You fall into a shaft and drop 2 floors!
 19896 | Lair:6   | Entered Level 6 of the Lair of Beasts
 20005 | Lair:6   | Found a viscous altar of Jiyva.
 20006 | Lair:6   | Found a staircase to the Slime Pits.
 20680 | Lair:6   | Paralysed by a hornet for 1 turns
 20787 | Lair:6   | Found a runed translucent door.
 20826 | Lair:6   | Paralysed by a hornet for 2 turns
 20826 | Lair:6   | HP: 1/132 [tyrant leech (24)]
 20827 | Lair:6   | Succumbed to a hornet's poison

Illustrated notes

Levels and vault maps discovered:
D:1:      lemuel_arrival_river_bridge, layout_basic, minmay_misc_feat_chi
D:2:      layout_rooms, overflow_temple_1_default, grunt_qazlal_clouds,
          minmay_tromino_mix6, uniq_sigmund
D:3:      layout_basic, lemuel_coloured_pillars_altar
D:4:      layout_rooms, minmay_temple_entry_glass
D:5:      layout_gridville
D:6:      layout_loops_ring, lemuel_round_altar, zin_statuary,
          kennysheep_generic_room_13, uniq_edmund, uniq_duvessa
D:7:      layout_loops_ring
D:8:      layout_basic, dpeg_lair_monsters, minmay_misc_feat_pillars,
          uniq_maurice
D:9:      layout_roguey, kennysheep_okawaru_gauntlet, cheibrodos_worm_habitat,
          uniq_prince_ribbit1
D:10:     layout_cave_pods, david_orc_2, serial_park, serial_park_square2,
          serial_park_tiny_1, serial_park_square2, serial_park_square3
          [serial_park_minivault_5x5_8], serial_park_tiny_2, uniq_harold,
          uniq_erica, uniq_snorg
D:11:     layout_roguey [special_room_bee], uniq_psyche
D:12:     layout_rooms, uniq_urug
D:13:     layout_roguey, david_vaults_3, minivault_11
D:14:     minmay_crescents, layout_stronghold, minmay_misc_feat_plants,
          kennysheep_just_a_vault
Lair:1:   layout_roguey, nicolae_volcano_entry_hallway, grunt_megastairs_2,
          minmay_lair_oklob_chamber
Lair:2:   layout_misc_corridors, beast_lair_carwin_6
Lair:3:   layout_regular_city, minmay_shoals_entry_beasts,
          spider_nest_entry_webs
Lair:4:   layout_regular_city, disabler_island, uniq_nergalle
Lair:5:   layout_big_grid, gammafunk_ghost_hydra_chop, serial_bayou_pond_c,
          beast_lair_carwin_7, grunt_megastairs_4, lemuel_fruit_fields,
          uniq_josephine
Lair:6:   wormcave, layout_regular_city, guppyfry_lair_end_dragon,
          slime_altar_1, gauntlet_entry_generic, kennysheep_basilisk_garden,
          serial_bayou_shore_a
Spider:1: layout_spider_delve

Skill      XL: |  1  2  3  4  5  6  7  8  9 10 11 12 13 14 |
---------------+-------------------------------------------+-----
Axes           | 3 4 5 6 8 9 10 11 13 15 16 | 16.5
Fighting       | 4 6 8 9 10 12 13 14 | 14.2
Armour         | 4 5 7 8 10 11 12 13 | 13.2
Invocations    | 2 5 |  5.7
Shields        | 7 11 13 14 | 14.6

Action                   |  1- 3 |  4- 6 |  7- 9 | 10-12 | 13-15 || total
-------------------------+-------+-------+-------+-------+-------++-------
Melee: War axe           |    98 |   144 |   236 |   678 |   472 ||  1628
       Unarmed           |       |       |       |    10 |       ||    10
       Scimitar          |       |       |       |     4 |    24 ||    28
Invok: Upheaval          |       |       |       |     6 |     1 ||     7
       Elemental Force   |       |       |       |     3 |     1 ||     4
Evoke: Wand              |       |     4 |       |     7 |       ||    11
  Use: Scroll            |     3 |    11 |     5 |     6 |     4 ||    29
       Potion            |       |       |     4 |     2 |     4 ||    10
Armor: Scale mail        |    54 |    45 |       |       |       ||    99
       Chain mail        |       |    38 |    21 |       |       ||    59
       Ring mail         |       |       |    51 |   136 |   106 ||   293
       Skin              |       |       |     4 |       |       ||     4
Dodge: Dodged            |    42 |    51 |    88 |   163 |   100 ||   444
       Repelled          |       |       |       |       |     1 ||     1
Block: Kite shield       |    68 |    59 |   127 |   409 |   366 ||  1029

Table legend: (Time is in decaauts)
 A = Elapsed time spent in this place.
 B = Non-inter-level travel time spent in this place.
 C = Inter-level travel time spent in this place.
 D = Time resting spent in this place.
 E = Time spent auto-exploring this place.
 F = Levels seen in this place.
 G = Mean time per level.
                   A        B        C        D        E       F      G
               +--------+--------+--------+--------+--------+-----+--------+
         Total |  20654 |  20001 |    653 |   4530 |  12456 |  21 |  983.5 |
       Dungeon |  14987 |  14526 |    461 |   3035 |   9172 |  14 | 1070.5 |
          Lair |   5665 |   5474 |    191 |   1495 |   3284 |   6 |  944.2 |
   Spider Nest |      1 |      1 |      0 |      0 |      0 |   1 |    1.0 |
               +--------+--------+--------+--------+--------+-----+--------+

Top non-repeatable levels by time:
  Lair:3: 2128 daAuts
    D:11: 2067 daAuts
    D:10: 1620 daAuts
     D:7: 1449 daAuts
     D:6: 1361 daAuts
     D:8: 1307 daAuts
    D:13: 1281 daAuts
     D:9: 1236 daAuts
     D:5: 1201 daAuts
     D:1: 1178 daAuts
  Lair:1: 972 daAuts
  Lair:2: 891 daAuts
  Lair:6: 880 daAuts
     D:2: 777 daAuts
     D:3: 776 daAuts
